 Dungeon Crawl Stone Soup version 0.30-a0-373-gd37427bb62 (webtiles) character file.

Game seed: 14098111144541101964

298368 flotson the Severer (level 19, -30/149 (151) HPs)
             Began as a Demonspawn Delver on Nov 23, 2022.
             Was an Initiate of Gozag.
             Killed from afar by a hellephant (42 damage)
             ... with a blast of flame
             ... on level 6 of the Abyss on Nov 24, 2022.
             The game lasted 01:51:43 (56344 turns).

flotson the Severer (Demonspawn Delver)            Turns: 56344, Time: 01:51:45

HP:   -30/149 (151) AC: 30    Str: 21      XL:     19   Next: 70%
MP:   0/35          EV: 10    Int: 14 (15) God:    Gozag
Gold: 5249          SH: 21    Dex: 14      Spells: 18/18 levels left

rFire   . . .      SeeInvis +    a - +7 broad axe (drain)
rCold   + . .      Faith    .    Z - +3 tower shield of the Arena {Str+3 Dex+3 SInv}
rNeg    + . .      Spirit   +    U - +11 plate armour of Kaffawo {rPois Will+ Str+4 Int+2}
rPois   +          Reflect  .    W - +1 hat {Stlth+}
rElec   .          Harm     .    i - scarf {repulsion}
rCorr   .          Rampage  .    S - +3 pair of gauntlets of War {Slay+5}
Will    ++...                    x - +0 pair of boots
Stlth   ..........               f - amulet of guardian spirit
HPRegen 0.44/turn                p - ring of Happiness {rPois rF+ MP+9 Int-5 Stlth+}
MPRegen 0.24/turn                h - ring of the Blind Eye {Fly rC+ rN+ MP+9}

@: silenced, gold aura, flying, lightly drained, repel missiles, unable to drink
A: foul stench 3, powered by pain 2, big brain 3, demonic touch 2, deformed
body, dopey 1, low MP 1, heat vulnerability 1, inability to drink after injury
1, clumsy 1[+1], deterioration 1[+1], ([teleportitis 2]), [weak 2]
}: 3/15 runes: serpentine, barnacled, abyssal
a: Renounce Religion


You were on level 6 of the Abyss.
You worshipped Gozag.
Gozag was greatly pleased with you.
You visited 7 branches of the dungeon, and saw 34 of its levels.
You visited the Abyss 2 times.
You also visited: Sewer, Bailey and Ice Cave.

You collected 13754 gold pieces.
You spent 5104 gold pieces at shops.
You paid 3401 gold pieces to Gozag.

Inventory:

Hand Weapons
 a - a +7 broad axe of draining (weapon)
Missiles
 d - 16 javelins (quivered)
 o - 8 boomerangs of dispersal
 t - 12 throwing nets
 G - 6 silver boomerangs
 K - 8 curare-tipped darts
 O - 12 atropa-tipped darts
 R - 8 silver javelins
 Y - 5 datura-tipped darts
Armour
 b - a scarf of invisibility
 i - a scarf of repulsion (worn)
 x - a +0 pair of boots (worn)
 S - the +3 pair of gauntlets of War (worn) {Slay+5}
   (You acquired it on level 10 of the Dungeon)

   Slay:      It affects your accuracy & damage with ranged weapons and melee
   (+5).
 U - the +11 plate armour of Kaffawo (worn) {rPois Will+ Str+4 Int+2}
   (You found it on level 1 of the Shoals)

   Str:       It affects your strength (+4).
   Int:       It affects your intelligence (+2).
   rPois:     It protects you from poison.
   Will:      It increases your willpower.
 W - a +1 hat of stealth (worn)
 Z - the +3 tower shield of the Arena (worn) {Str+3 Dex+3 SInv}
   (You bought it in a shop on level 1 of the Snake Pit)

   Str:       It affects your strength (+3).
   Dex:       It affects your dexterity (+3).
   SInv:      It lets you see invisible.
Jewellery
 f - an amulet of guardian spirit (around neck)
 h - the ring of the Blind Eye (right hand) {Fly rC+ rN+ MP+9}
   (You found it on level 7 of the Dungeon)

   [ring of flight]

   rC:        It protects you from cold.
   rN:        It protects you from negative energy.
   MP:        It affects your magic capacity (+9).
   Fly:       It grants you flight.
 j - an amulet of reflection
 p - the ring of Happiness (left hand) {rPois rF+ MP+9 Int-5 Stlth+}
   (You acquired it on level 8 of the Dungeon)

   [ring of magical power]

   Int:       It affects your intelligence (-5).
   rF:        It protects you from fire.
   rPois:     It protects you from poison.
   MP:        It affects your magic capacity (+9).
   Stlth:     It makes you more stealthy.
 u - a +4 ring of slaying
Wands
 g - a wand of digging (6)
 m - a wand of quicksilver (25)
 H - a wand of charming (2)
 N - a wand of roots (28)
 P - a wand of polymorph (15)
 Q - a wand of mindburst (2)
Scrolls
 c - 9 scrolls of fog
 e - 8 scrolls of immolation
 k - 10 scrolls of enchant armour
 l - 3 scrolls of summoning
 w - 2 scrolls of magic mapping
 y - 4 scrolls of fear
 D - 6 scrolls of poison
 F - 9 scrolls of vulnerability
 J - 10 scrolls of teleportation
Potions
 n - 2 potions of heal wounds
 q - 5 potions of ambrosia
 r - 13 potions of curing
 z - 6 potions of lignification
 A - 6 potions of attraction
 B - 7 potions of mutation
 C - 5 potions of invisibility
 E - 5 potions of might
 M - a potion of resistance
 T - 5 potions of haste
 V - 2 potions of berserk rage
 X - 4 potions of cancellation
Miscellaneous
 I - a tin of tremorstones (2/2)
 L - a condenser vane


   Skills:
 + Level 13.8 Fighting
 * Level 16.9(17.0) Axes
 - Level 1.7(11.2) Polearms
 + Level 12.3 Throwing
 + Level 15.1 Armour
 + Level 12.6 Dodging
 - Level 4.5 Stealth
 + Level 14.6 Shields
 + Level 13.4 Evocations


You had 18 spell levels left.
You didn't know any spells.
Your spell library contained the following spells:

 Spells                   Type           Power      Damage    Failure   Level
 Apportation              Tloc           0%         N/A       98%         1
 Beastly Appendage        Tmut           0%         N/A       98%         1
 Freeze                   Ice            0%         1d3       98%         1
 Blink                    Tloc           0%         N/A       99%         2
 Cigotuvi's Dreadful Rot  Necr/Pois/Air  0%         N/A       99%         2
 Ensorcelled Hibernation  Hex/Ice        0%         N/A       99%         2
 Momentum Strike          Conj/Tloc      0%         3d8       99%         2
 Poisonous Vapours        Pois/Air       0%         N/A       99%         2
 Sublimation of Blood     Necr           0%         N/A       99%         2
 Wereblood                Tmut           0%         N/A       99%         2
 Dazzling Flash           Conj/Hex       0%         N/A       100%        3
 Frozen Ramparts          Ice            0%         1d1       100%        3
 Hailstorm                Conj/Ice       0%         3d3       100%        3
 Inner Flame              Hex/Fire       0%         N/A       100%        3
 Mephitic Cloud           Conj/Pois/Air  0%         N/A       100%        3
 Portal Projectile        Hex/Tloc       0%         N/A       100%        3
 Spider Form              Tmut/Pois      0%         N/A       100%        3
 Summon Guardian Golem    Hex/Summ       0%         N/A       100%        3
 Airstrike                Air            0%         2d(0-16)  100%        4
 Anguish                  Hex/Necr       0%         N/A       100%        4
 Cause Fear               Hex            0%         N/A       100%        4
 Dispel Undead            Necr           0%         3d6       100%        4
 Leda's Liquefaction      Hex/Erth       0%         N/A       100%        4
 Passage of Golubria      Tloc           0%         N/A       100%        4
 Petrify                  Tmut/Erth      0%         N/A       100%        4
 Summon Lightning Spire   Summ/Air       0%         N/A       100%        4
 Agony                    Necr           0%         N/A       100%        5
 Alistair's Intoxication  Tmut/Pois      0%         N/A       100%        5
 Blade Hands              Tmut           0%         N/A       100%        5
 Irradiate                Conj/Tmut      0%         3d11      100%        5
 Lee's Rapid Deconstruct  Erth           0%         3d4*      100%        5
 Lightning Bolt           Conj/Air       0%         1d11      100%        5
 Silence                  Hex/Air        0%         N/A       100%        5
 Summon Forest            Summ/Tloc      0%         N/A       100%        5
 Death Channel            Necr           0%         N/A       100%        6
 Statue Form              Tmut/Erth      0%         N/A       100%        6
 Dragon Form              Tmut           0%         N/A       100%        7
 Orb of Destruction       Conj           0%         9d5       100%        7
 Spellforged Servitor     Conj/Summ      0%         N/A       100%        7
 Discord                  Hex            0%         N/A       100%        8
 Lehudib's Crystal Spear  Conj/Erth      0%         10d2      100%        8


Dungeon Overview and Level Annotations

Branches:
Dungeon (15/15)            Temple (1/1) D:4            Lair (5/5) D:10
 Shoals (4/4) Lair:3        Snake (4/4) Lair:2        Slime (0/5) Lair:4
    Orc (2/2) D:9             Elf (3/3) Orc:2        Vaults (0/5) D:14
 Depths (0/4) D:15          Sewer (visited)          Bailey (visited)
  IceCv (visited)

Altars:
Cheibriados
Dithmenos
Fedhas
Gozag
Hepliaklqana
Trog
Uskayaw
Yredelemnul
Jiyva

Shops:
D:8 ?   D:13 *   D:14 (   D:15 *=   Orc:2 *??*([=   Elf:2 ?   Elf:3 *
Snake:1 [[*   Snake:4 *

Portals:
Pandemonium: Orc:2

Annotations:
Lair:4 1 runed translucent door


Innate Abilities, Weirdness & Mutations

You frequently emit foul miasma when damaged in melee.
You sometimes gain power by taking damage.
You have an absolutely massive brain. (Int +6, Wiz)
Your touch may inflict irresistible damage on your foes.
Armour fits poorly on your strangely shaped body.
You are dopey. (Int -2)
Your magical capacity is low. (-10% MP)
You are vulnerable to heat. (rF-)
You occasionally lose the ability to drink potions when taking damage.
[You are very clumsy. (Dex -4)]
[Your body often deteriorates upon taking damage.]
[((You are often teleported next to monsters.))]
[You are very weak. (Str -4)]


Message History

You slash the spatial maelstrom!
You destroy the spatial maelstrom!
You slash the spatial vortex! You slash the large abomination!
You destroy the large abomination!
The neqoxec gestures at you.
Something tries to feed on your intellect!
You block the ancient lich's attack.
Unknown command.
You slice the ancient lich!!
The ancient lich is moderately damaged.
You slash the starcursed mass!
You destroy the starcursed mass!
You block the ancient lich's attack.
The starcursed mass is distracted by your dazzling golden aura. x2
A shadow dragon comes into view.
The starcursed mass is no longer distracted by gold.
The profane servitor hits you but does no damage. x2
An acid blob comes into view.
The ancient lich touches you.
* * * LOW HITPOINT WARNING * * *
You partially resist.
You feel drained.
You emit a cloud of foul miasma!
The starcursed mass is distracted by your dazzling golden aura.
The acid blob quivers.
The acid blob spits acid at you. You block the splash of acid.
A spatial vortex comes into view.
The starcursed mass is distracted by your dazzling golden aura.
The ancient lich is distracted by your dazzling golden aura.
A lurking horror comes into view.
You are suddenly pulled into a different region of the Abyss!
The hellephant tramples you!!
You feel threatened and lose the ability to drink potions!
* * * LOW HITPOINT WARNING * * *
You are shoved backwards!
A hellephant comes into view.
You cannot drink potions in your current state!
The hellephant breathes flames at you. The blast of flame hits you!!!
You die...
Your body crumbles into a pile of gold.

## #. ### .
#.#.# #.#.
###..##
#...#.#
#.@..##
#....##.Y.#
#... #....#
#.. ####..#
#. ### #


You could see a hellephant (unsilenced, catching breath).

Vanquished Creatures
  Bai Suzhen (Shoals:3)
  Nikola (Snake:1)
  A bone dragon (Abyss:3)
  Asterion (Snake:2)
  A deep elf blademaster (Elf:2)
  A lich (Abyss:3)
  3 krakens (Shoals:3)
  Agnes (D:15)
  5 tentacled starspawn
  Gastronok (Lair:1)
  Polyphemus (Shoals:4)
  Ilsuiw (Shoals:2)
  6 nagarajas
  Kirke (D:12)
  A revenant (Abyss:3)
  Roxanne (Snake:2)
  A deep elf sorcerer (Elf:2)
  2 frost giants (IceCv)
  An emperor scorpion (D:15)
  Aizul (Snake:2)
  A deep elf elementalist (Elf:3)
  An orc warlord (Orc:2)
  4 deep elf demonologists
  A deep elf annihilator (Elf:1)
  A white draconian (IceCv)
  A dire elephant (D:15)
  2 deep elf death magi (Elf:2)
  3 merfolk javelineers
  Josephine (D:11)
  3 merfolk impalers
  5 hydras
  A great orb of eyes (D:15)
  A vault guard (D:14)
  A deep elf high priest (Elf:2)
  Harold (D:8)
  2 merfolk avatars (Shoals:4)
  A rakshasa (Abyss:3)
  8 ironbound frosthearts (IceCv)
  6 ice dragons
  A salamander tyrant (Snake:3)
  4 catoblepae
  5 alligator snapping turtles
  4 centaur warriors
  Erica (Lair:1)
  2 demonspawn (Orc:2)
  8 merfolk aquamancers
  4 boulder beetles
  6 death yaks
  8 satyrs
  8 anacondas
  22 dancing weapons
  5 two-headed ogres
  10 naga warriors
  A death knight (D:15)
  The ghost of hikkokomori the Destroyer, a novice DrCj of Vehumet (D:10)
  4 tengu warriors
  5 orc high priests (Orc:2)
  4 shock serpents
  Urug (D:10)
  11 naga sharpshooters
  A soul eater (Abyss:3)
  Sonja (D:10)
  11 deep elf knights
  2 wretched stars (Abyss:6)
  5 skeletal warriors
  3 salamander mystics
  A spatial maelstrom (Abyss:6)
  A sixfirhy (D:12)
  6 sea snakes
  A goliath frog (Lair:4)
  An orange crystal statue (IceCv)
  3 naga ritualists
  A glowing orange brain (Abyss:6)
  The ghost of qeuew the Trooper, a novice MiBe of Trog (D:7)
  9 deep elf archers
  6 orc knights
  19 deep elf zephyrmancers
  12 harpies
  A phantasmal warrior (Abyss:3)
  6 mana vipers
  7 cyclopes
  7 orc sorcerers
  23 deep elf pyromancers
  37 fauns
  A worldbinder (Abyss:5)
  7 salamanders
  An oklob plant (Shoals:4)
  12 manticores
  12 ugly things
  2 centaur zombies (D:13)
  11 naga magi
  4 elephants (Lair:2)
  A guardian serpent (Abyss:5)
  15 merfolk sirens
  2 smoke demons (Abyss:3)
  3 water nymphs
  37 black mambas
  5 gargoyles
  3 unseen horrors
  24 cane toads
  11 komodo dragons
  10 rime drakes
  A freezing wraith (D:15)
  A tengu conjurer (D:10)
  An ice devil (Orc:2)
  A kobold demonologist (D:11)
  2 ancient zymes
  A meliai (shapeshifter) (Abyss:5)
  24 merfolk
  12 polar bears
  11 trolls
  9 wind drakes
  5 large abominations
  2 tyrant leeches (Lair:5)
  2 raiju (Abyss:3)
  16 blink frogs
  15 slime creatures
  8 snapping turtles
  10 dream sheep
  A flying skull (Abyss:4)
  8 wraiths
  3 shadows
  A vampire (D:14)
  2 hogs (D:12)
  3 fire bats (Abyss:3)
  16 water elementals
  2 ynoxinuls (Abyss:3)
  2 fire elementals (Elf:3)
  7 basilisks
  59 yaks
  3 air elementals (Elf:1)
  8 wyverns
  A steam dragon (D:8)
  4 chaos spawn
  13 vampire mosquitoes
  3 neqoxecs
  Grum (D:10)
  Menkaure (D:5)
  7 redbacks (D:15)
  42 nagas
  A warg (D:15)
  18 water moccasins
  Duvessa (D:5)
  2 acid dragons
  A floating eye (D:11)
  An ice beast (D:7)
  43 orc warriors
  A sky beast (D:8)
  6 starcursed masses
  3 ogres
  2 black bears
  The ghost of sirJeffrey23 the Slasher, an amateur BaFi (D:3)
  19 wolves
  4 centaurs
  A phantom (D:6)
  9 kobold brigands
  18 bullfrogs
  8 gnoll sergeants
  3 earth elementals (Elf:1)
  2 scorpions
  Dowan (D:5)
  9 wights
  2 howler monkeys
  5 electric eels
  28 orc priests
  9 gnoll boudas
  8 hounds
  2 jellies
  Jessica (D:2)
  2 iguanas
  23 orc wizards
  3 small abominations
  26 gnolls
  10 adders
  A shadow imp (D:6)
  2 white imps (D:7)
  3 worms
  2 dart slugs
  61 orcs
  3 bats
  6 endoplasms
  5 giant cockroaches
  9 goblins
  5 hobgoblins
  4 quokkas
  12 ball pythons
  5 frilled lizards
  12 kobolds
  2 rats (D:1)
  6 starspawn tentacles
  9 tentacles (Shoals:3)
1245 creatures vanquished.

Vanquished Creatures (others)
  A deep elf archer (Elf:1)
  A mana viper (Snake:2)
  A smoke demon (Abyss:3)
  A polar bear (IceCv)
  2 raiju (Abyss:3)
  A water elemental (Elf:1)
  4 humans (D:12)
  A large abomination (Abyss:3)
  A neqoxec (Abyss:3)
  A small abomination (Abyss:4)
  An orc priest (Orc:2)
  An orc (D:11)
  32 fungi
  A lurking horror (Abyss:5)
  375 plants
  7 starspawn tentacles
  12 tentacles (Shoals:3)
  2 withered plants (D:7)
445 creatures vanquished.

Grand Total: 1690 creatures vanquished

Notes
Turn   | Place    | Note
-------+----------+-------------------------------------------
     0 | D:5      | flotson the Demonspawn Delver began the quest for the Orb.
     0 | D:5      | Reached XP level 1. HP: 18/18 MP: 1/1
    77 | D:5      | Gained mutation: You may rarely emit foul miasma when
                  | damaged in melee. [demonic ancestry]
    77 | D:5      | Reached XP level 2. HP: 8/24 MP: 2/2
   198 | D:4      | Found a snail-covered altar of Cheibriados.
   202 | D:4      | Found a staircase to the Ecumenical Temple.
   233 | D:4      | Found a glowing drain.
   233 | D:4      | Noticed a scorpion
   269 | Sewer    | Entered a sewer
   335 | Sewer    | Reached skill level 1 in Evocations
   424 | Sewer    | Noticed Pargi
   490 | D:4      | Reached skill level 1 in Armour
   490 | D:4      | Gained mutation: You have an unusually large brain. (Int
                  | +2) [demonic ancestry]
   490 | D:4      | Reached XP level 3. HP: 14/29 MP: 3/3
   685 | D:2      | Gained mutation: [Your body sometimes deteriorates upon
                  | taking damage.] [potion of mutation]
   687 | D:2      | HP: 1/29 [poisoned by an adder]
  1170 | D:1      | Gained mutation: Your touch may inflict minor irresistible
                  | damage on your foes. [demonic ancestry]
  1170 | D:1      | Reached XP level 4. HP: 35/35 MP: 4/4
  1713 | D:2      | Noticed Jessica
  1719 | D:2      | Killed Jessica
  2266 | D:3      | Found a transporter.
  2268 | D:3      | Found a transporter.
  2291 | D:3      | Found a faded altar of an unknown god.
  2352 | D:3      | Reached skill level 1 in Throwing
  2352 | D:3      | Gained mutation: You sometimes emit foul miasma when
                  | damaged in melee. [demonic ancestry]
  2352 | D:3      | Reached XP level 5. HP: 29/42 MP: 5/5
  2475 | D:3      | Noticed sirJeffrey23's ghost (amateur BaFi)
  2928 | D:4      | Reached skill level 1 in Shields
  2953 | D:4      | Reached skill level 1 in Axes
  3546 | D:4      | Gained mutation: Your touch may inflict irresistible damage
                  | on your foes. [demonic ancestry]
  3546 | D:4      | Reached XP level 6. HP: 48/48 MP: 6/6
  3727 | D:5      | Noticed an ice beast
  4001 | D:5      | Noticed Menkaure
  4070 | Temple   | Entered the Ecumenical Temple
  4131 | Temple   | Became a worshipper of Gozag Ym Sagoz the Greedy
  4544 | D:5      | Killed Menkaure
  4545 | D:5      | Reached XP level 7. HP: 16/54 MP: 7/7
  4863 | D:5      | Noticed Duvessa
  4863 | D:5      | Noticed Dowan
  4871 | D:5      | Killed Duvessa
  4875 | D:5      | Killed Dowan
  4876 | D:5      | Reached skill level 2 in Axes
  5432 | D:5      | Noticed a rust devil
  5432 | D:5      | Noticed a rust devil
  5445 | D:6      | Reached XP level 8. HP: 15/61 MP: 8/8
  6202 | D:6      | Reached skill level 5 in Fighting
  6546 | D:7      | Reached skill level 3 in Axes
  6757 | D:7      | Identified the ring of the Blind Eye {Fly rC+ rN+ MP+9}
  7030 | D:7      | Found a runed translucent door.
  7030 | D:7      | Noticed qeuew's ghost (novice MiBe)
  7259 | D:8      | Noticed a two-headed ogre
  7439 | D:8      | Found Jofe's Magic Scroll Emporium.
  7461 | D:8      | Gained mutation: You have an extremely huge brain. (Int +4)
                  | [demonic ancestry]
  7461 | D:8      | Reached XP level 9. HP: 68/68 MP: 9/9
  7494 | D:8      | Reached skill level 4 in Axes
  7618 | D:7      | Killed a two-headed ogre
  7743 | D:7      | Reached skill level 5 in Axes
  7743 | D:7      | Reached skill level 5 in Dodging
  7743 | D:7      | Reached skill level 5 in Evocations
  7972 | D:8      | Bought a scroll of identify for 24 gold pieces
  7972 | D:8      | Bought a scroll of brand weapon for 114 gold pieces
  7972 | D:8      | Bought a scroll of enchant weapon for 90 gold pieces
  7972 | D:8      | Bought a scroll of identify for 24 gold pieces
  8129 | D:8      | Gained mutation: You have an absolutely massive brain. (Int
                  | +6, Wiz) [demonic ancestry]
  8129 | D:8      | Reached XP level 10. HP: 64/76 MP: 10/10
  8492 | D:9      | Noticed Harold
  9208 | D:9      | Identified the +10 falchion "Tinolyin" {flame, rElec rPois
                  | rC+ Dex-2}
  9211 | D:9      | Noticed a two-headed ogre
  9225 | D:8      | Killed Harold
  9226 | D:8      | Reached skill level 6 in Axes
  9226 | D:8      | Reached skill level 5 in Armour
  9431 | D:9      | Found a staircase to the Orcish Mines.
  9484 | D:8      | Bought a scroll of acquirement for 624 gold pieces
  9484 | D:8      | Acquired the ring of Happiness {rPois rF+ MP+9 Int-5
                  | Stlth+}
  9875 | D:9      | Reached skill level 5 in Shields
  9877 | D:9      | Reached skill level 5 in Throwing
 10193 | D:9      | Killed a two-headed ogre
 10599 | D:9      | Found a bloodstained altar of Trog.
 10608 | D:9      | Found a shadowy altar of Dithmenos.
 10745 | D:10     | Entered Level 10 of the Dungeon
 10752 | D:10     | Noticed Grum
 10766 | D:10     | Gained mutation: You sometimes gain a little power by
                  | taking damage. [demonic ancestry]
 10766 | D:10     | Reached XP level 11. HP: 9/84 MP: 2/11
 10766 | D:10     | Killed Grum
 10767 | D:10     | Reached skill level 7 in Axes
 10782 | D:10     | Acquired the +3 pair of gauntlets of War {Slay+5}
 10782 | D:10     | Found the +3 pair of gauntlets of War {Slay+5}
 10879 | D:10     | Found a flagged portal.
 10894 | Bailey   | Entered a bailey
 11963 | D:10     | Found a staircase to the Lair.
 12004 | D:10     | Noticed Urug
 12175 | D:10     | Killed Urug
 12694 | D:10     | Noticed a skeletal warrior
 12696 | D:10     | Noticed a purple ugly thing
 12926 | D:10     | Killed a purple ugly thing
 13014 | D:10     | Found a runed translucent door.
 13014 | D:10     | Noticed hikkokomori's ghost (novice DrCj)
 13116 | D:10     | Noticed Sonja
 13187 | D:10     | Killed Sonja
 13188 | D:10     | Reached skill level 8 in Axes
 13426 | D:10     | Killed a skeletal warrior
 13504 | D:10     | Noticed a centaur warrior
 13518 | D:10     | Killed a centaur warrior
 13838 | D:3      | Killed sirJeffrey23's ghost
 14041 | D:7      | Killed qeuew's ghost
 14042 | D:7      | Reached XP level 12. HP: 73/92 MP: 12/12
 14252 | D:10     | Killed hikkokomori's ghost
 14389 | Lair:1   | Entered Level 1 of the Lair of Beasts
 14420 | Lair:1   | Noticed Erica
 14671 | Lair:1   | Killed Erica
 14751 | Lair:1   | Noticed Gastronok
 14763 | Lair:1   | Killed Gastronok
 15097 | Lair:1   | Reached skill level 9 in Axes
 16197 | Lair:2   | Acquired a manual of Armour
 16260 | Lair:2   | Noticed a five-headed hydra
 16519 | Lair:2   | Found a staircase to the Snake Pit.
 16547 | Lair:2   | Killed a one-headed hydra
 16752 | Lair:2   | Reached XP level 13. HP: 59/100 MP: 13/13
 17510 | Lair:3   | Reached skill level 10 in Axes
 17907 | Lair:3   | Found a staircase to the Shoals.
 19139 | Lair:4   | Found a runed translucent door.
 19139 | Lair:4   | Found a viscous altar of Jiyva.
 19139 | Lair:4   | Noticed an azure jelly
 19565 | Lair:4   | Found a staircase to the Slime Pits.
 20186 | Lair:5   | Entered Level 5 of the Lair of Beasts
 20831 | Lair:5   | Reached skill level 11 in Axes
 21251 | Lair:4   | Reached XP level 14. HP: 81/108 MP: 14/14
 22231 | Lair:5   | Got the Book of the Map
 22379 | Lair:5   | Identified the ring of Departure {AC+4 Str+2}
 23094 | Orc:1    | Entered Level 1 of the Orcish Mines
 23494 | Orc:2    | Entered Level 2 of the Orcish Mines
 23529 | Orc:2    | Reached skill level 10 in Fighting
 23746 | Orc:2    | Found a staircase to the Elven Halls.
 23852 | Orc:2    | Found Axybipt's Magic Scroll Boutique.
 23854 | Orc:2    | Found Zuk Aro's General Store.
 24509 | Orc:2    | Bought a scroll of identify for 28 gold pieces
 24509 | Orc:2    | Bought a scroll of identify for 28 gold pieces
 24509 | Orc:2    | Bought a scroll of noise for 14 gold pieces
 24509 | Orc:2    | Bought a scroll of poison for 56 gold pieces
 24509 | Orc:2    | Bought a scroll of teleportation for 42 gold pieces
 24514 | Orc:2    | Bought a scroll of enchant weapon for 105 gold pieces
 24561 | Orc:2    | Gained mutation: Your magical capacity is low. (-10% MP) [a
                  | neqoxec]
 24561 | Orc:2    | Gained mutation: [You are clumsy. (Dex -2)] [a neqoxec]
 24587 | Orc:2    | Reached skill level 10 in Armour
 24815 | Orc:2    | Reached skill level 12 in Axes
 25388 | Orc:2    | Found Okkanta's Jewellery Emporium.
 25388 | Orc:2    | Found Dacab's Antique Weapon Shoppe.
 25389 | Orc:2    | Found a one-way gate leading to the halls of Pandemonium.
 25507 | Orc:1    | Noticed an orc warlord
 25527 | Orc:2    | Killed an orc warlord
 26293 | Orc:2    | Bought a +4 ring of slaying for 1014 gold pieces
 26297 | Orc:2    | Bought a +0 cloak of stealth for 172 gold pieces
 26304 | Orc:2    | Bought a potion of curing for 36 gold pieces
 26306 | Orc:2    | Bought a scroll of enchant armour for 97 gold pieces
 26306 | Orc:2    | Bought a scroll of acquirement for 676 gold pieces
 26306 | Orc:2    | Acquired a manual of Shields
 26450 | D:11     | Reached XP level 15. HP: 61/117 MP: 13/13
 26739 | D:11     | Noticed Josephine
 26755 | D:11     | Killed Josephine
 26810 | D:11     | Reached skill level 10 in Evocations
 27898 | D:12     | Found a runed translucent door.
 27898 | D:12     | Noticed Kirke
 27916 | D:12     | Killed Kirke
 29439 | D:13     | Found Koahun's General Store.
 29858 | D:13     | Found a basalt altar of Yredelemnul.
 30197 | D:14     | Found Gutec's Weapon Boutique.
 30210 | D:14     | Bought 2 boomerangs of dispersal for 45 gold pieces
 30210 | D:14     | Bought 5 datura-tipped darts for 30 gold pieces
 30931 | D:14     | Found a gate to the Vaults.
 31500 | D:14     | Reached skill level 13 in Axes
 31750 | D:14     | Reached skill level 10 in Shields
 31848 | D:15     | Entered Level 15 of the Dungeon
 32096 | D:15     | Noticed Agnes
 32139 | D:15     | Reached skill level 10 in Dodging
 32335 | D:15     | Killed Agnes
 32666 | D:15     | Found Riuc's Retail Resort.
 32696 | D:15     | Found a staircase to the Depths.
 32697 | D:15     | Noticed an emperor scorpion
 33081 | D:15     | Killed an emperor scorpion
 33283 | Snake:1  | Entered Level 1 of the Snake Pit
 33293 | Snake:1  | Reached XP level 16. HP: 88/125 MP: 14/14
 33420 | Snake:1  | Found Durorais's Assorted Antiques.
 33552 | Snake:1  | Bought a potion of curing for 75 gold pieces
 33715 | Snake:1  | Noticed Nikola
 34244 | Snake:1  | Found Nugydi's Armour Emporium.
 34248 | Snake:1  | Found Tijisala's Armour Shoppe.
 34249 | Snake:1  | Found Duinkaut's Antique Armour Emporium.
 34252 | Snake:1  | Bought quicksilver dragon scales for 840 gold pieces
 34310 | Snake:1  | Killed Nikola
 34969 | Snake:1  | Bought the +3 tower shield of the Arena {Str+3 Dex+3 SInv}
                  | for 649 gold pieces
 35425 | Snake:2  | Noticed Roxanne
 35622 | Snake:2  | Reached skill level 10 in Throwing
 35680 | Snake:2  | Noticed Aizul
 36118 | Snake:2  | Noticed Asterion
 36127 | Snake:2  | Killed Asterion
 36439 | Snake:2  | Killed Aizul
 36495 | Snake:2  | Identified the +7 great mace "Foogifog" {drain, rN+ Will-
                  | Int+3}
 36968 | Snake:2  | Killed Roxanne
 37584 | Snake:3  | Found a hazy altar of Hepliaklqana.
 37647 | Snake:3  | Reached skill level 14 in Axes
 38333 | Snake:4  | Entered Level 4 of the Snake Pit
 39374 | Snake:4  | Found Cuklaseth's Assorted Antiques.
 39482 | Snake:4  | Gained mutation: You frequently emit foul miasma when
                  | damaged in melee. [demonic ancestry]
 39482 | Snake:4  | Reached XP level 17. HP: 74/133 MP: 14/15
 39718 | Snake:4  | Bought a crude ring mail for 279 gold pieces
 39718 | Snake:4  | Identified the +5 ring mail of Caer {Int+3 Dex+4} (You
                  | bought it in a shop on level 4 of the Snake Pit)
 40177 | Snake:4  | Got a serpentine rune of Zot
 40484 | Shoals:1 | Entered Level 1 of the Shoals
 40500 | Shoals:1 | You fall into a shaft and drop 1 floor!
 40505 | Shoals:2 | Noticed Ilsuiw
 41083 | Shoals:2 | Killed Ilsuiw
 41743 | Shoals:1 | Identified the +11 plate armour of Kaffawo {rPois Will+
                  | Str+4 Int+2}
 43134 | Shoals:2 | Reached skill level 15 in Axes
 45002 | Shoals:3 | Noticed a kraken
 45086 | Shoals:3 | Killed a kraken
 45549 | Shoals:3 | Noticed Bai Suzhen
 45565 | Shoals:3 | Killed Bai Suzhen
 45812 | Shoals:4 | Entered Level 4 of the Shoals
 45812 | Shoals:4 | Found a hide-covered altar of Uskayaw.
 45908 | Shoals:4 | Gained mutation: You sometimes gain power by taking damage.
                  | [demonic ancestry]
 45908 | Shoals:4 | Reached XP level 18. HP: 51/142 MP: 15/16
 47121 | Shoals:4 | Got a barnacled rune of Zot
 48039 | Shoals:4 | Noticed Polyphemus
 48052 | Shoals:4 | Killed Polyphemus
 49455 | Elf:1    | Entered Level 1 of the Elven Halls
 49945 | Elf:1    | Paralysed by an air elemental for 1 turns
 50618 | Elf:1    | Paralysed by an air elemental for 1 turns
 50620 | Elf:1    | Paralysed by an air elemental for 1 turns
 50622 | Elf:1    | Paralysed by an air elemental for 1 turns
 50772 | Elf:1    | Reached skill level 16 in Axes
 51424 | Elf:2    | Found Viagg's Magic Scroll Shop.
 51431 | Abyss:3  | Cast into level 3 of the Abyss (a deep elf sorcerer)
 51604 | Abyss:3  | Noticed a lich
 51614 | Abyss:3  | Killed a lich
 51646 | Abyss:3  | Noticed a bone dragon
 51665 | Abyss:3  | Killed a bone dragon
 51862 | Abyss:3  | Noticed a dread lich
 51886 | Abyss:3  | Gained mutation: Armour fits poorly on your strangely
                  | shaped body. [a cacodemon]
 51891 | Abyss:3  | Noticed a lich
 51920 | Abyss:3  | Got an abyssal rune of Zot
 51920 | Abyss:3  | Paralysed by accursed screaming for 1 turns
 52091 | Abyss:4  | Noticed a profane servitor
 52194 | Elf:2    | Escaped the Abyss
 52490 | Elf:2    | Bought a scroll of teleportation for 42 gold pieces
 52701 | Elf:2    | Reached XP level 19. HP: 131/150 MP: 17/17
 53007 | Elf:2    | Found a runed translucent gate.
 53007 | Elf:2    | Found a runed translucent gate.
 53008 | Elf:2    | Found a runed translucent gate.
 54562 | Elf:3    | Entered Level 3 of the Elven Halls
 54597 | Elf:3    | Found a frozen archway.
 54610 | IceCv    | Entered an ice cave
 55322 | IceCv    | Reached skill level 15 in Armour
 56074 | Elf:3    | Found Asoll's General Store.
 56123 | Abyss:5  | Found a corrupted altar of Lugonu.
 56123 | Abyss:5  | Cast into level 5 of the Abyss (a deep elf sorcerer)
 56328 | Abyss:6  | Gained mutation: You are dopey. (Int -2) [a shining eye]
 56329 | Abyss:6  | Gained mutation: You are vulnerable to heat. (rF-) [a
                  | shining eye]
 56332 | Abyss:6  | Gained mutation: You occasionally lose the ability to drink
                  | potions when taking damage. [a shining eye]
 56333 | Abyss:6  | Noticed an ancient lich
 56336 | Abyss:6  | Noticed a profane servitor
 56343 | Abyss:6  | Noticed a hellephant
 56344 | Abyss:6  | Killed from afar by a hellephant

Illustrated notes

Levels and vault maps discovered:
D:1:      tarquinn_simple_flora_water_e, layout_loops_ring, st_stairs_6
D:2:      layout_basic, uniq_jessica
D:3:      layout_loops_ring, gammafunk_ghost_arena,
          chequers_ecumenical_altar_simple, serial_bayou_pond_e,
          minmay_distorted
D:4:      layout_basic, mainiacjoe_overflow_concentric_impassable,
          kennysheep_mini, minmay_temple_entry_statues_fountains,
          cheibrodos_sewer_entry_drain, minivault_4, grunt_ministairs_7
D:5:      cheibrodos_iron_armory, layout_loops_corners, zin_scriptorium,
          uniq_duvessa, uniq_menkaure
D:6:      layout_cave_pods
D:7:      layout_basic, gammafunk_ghost_grave
D:8:      layout_cave_pools, serial_shops, nicolae_diamond_shop
D:9:      layout_basic, mainiacjoe_overflow_swirl, orc_0_dummy, uniq_harold
D:10:     layout_roguey, erik_lair_island, gammafunk_ghost_grave,
          enter_bailey_5, minmay_shattered_shrine, uniq_grum, uniq_sonja,
          uniq_urug
D:11:     layout_loops_ring, onia_ninara_cookie, uniq_josephine
D:12:     cheibrodos_shockbox, layout_loops_cross, uniq_kirke
D:13:     layout_loops_cross, serial_shops, nicolae_shop_crystal,
          lemuel_zombie_altar_yredelemnul
D:14:     layout_gridville, david_vaults_5, serial_shops, nicolae_shop_trees,
          grunt_decor_fettered, serial_bayou, serial_bayou_lagoon_a,
          serial_bayou_pond_c, serial_bayou_pond_b, serial_bayou_pond_a
D:15:     hangedman_depths_entry_try_elsewhere_first, layout_rooms,
          nicolae_alphabet_shops, drop_trap, uniq_agnes
Temple:   minmay_crystal_spiral_temple
Lair:1:   layout_regular_city, uniq_erica, uniq_gastronok
Lair:2:   layout_cave_shapes, minmay_snake_entry_six_corridors
Lair:3:   layout_cave_pods, elwin_shoals_entry_rooms, beast_lair_carwin_7
Lair:4:   layout_roguey, slime_entry_2, serial_bayou_shore_a,
          grunt_megastairs_4, serial_bayou_shore_b
Lair:5:   minmay_lair_end_frog_pond, layout_loops_ring, serial_bayou_ford_a
Shoals:1: cheibrodos_shoals_oceanic_diplomacy, layout_shoals
Shoals:2: layout_shoals, uniq_ilsuiw
Shoals:3: layout_shoals, uniq_bai_suzhen
Shoals:4: shoals_end_grunt_garden, layout_shoals, shoals_ilsuiw_ice,
          lemuel_oklob_altar, uniq_polyphemus
Snake:1:  layout_chambers, special_room, serial_shops, shop, minmay_shop_star,
          uniq_nikola
Snake:2:  layout_grid_shapes, special_room, uniq_asterion, uniq_aizul,
          uniq_roxanne
Snake:3:  layout_honeycomb, basic_altar, nicolae_snake_gridmaze_tees
Snake:4:  minmay_snake_end_coiled, layout_chambers, serial_shops,
          nicolae_shop_waterfront, nrook_loot_triangle
Orc:1:    layout_caves, rock_pile
Orc:2:    pf_orc_diabolical, layout_caves
Elf:1:    kennysheep_bubbly, layout_loops_corners, hangedman_elf_represent
Elf:2:    elven_hall_of_blades_hangedman_original
          [nicolae_blade_entry_crossed_weapons], layout_loops_corners,
          serial_shops, shop, hangedman_elf_simple_split
Elf:3:    grunt_elf_hall_diamonds, layout_gridlike,
          portal_ice_cave_entry_dragon, serial_shops,
          nicolae_shop_competitors_out_of_business
Abyss:6:  base: D:15, spicy_abyss_rude_harpoons, evilmike_abyss_exit_mutagenic

Skill      XL: |  1  2  3  4  5  6  7  8  9 10 11 12 13 14 15 16 17 18 19 |
---------------+----------------------------------------------------------+-----
Dodging        | 2 3 4 5 6 7 8 9 10 11 12 | 12.6
Evocations     | 1 2 3 4 5 6 7 8 9 10 11 12 13 | 13.4
Armour         | 1 2 3 4 5 6 7 9 10 11 12 14 15 | 15.1
Throwing       | 1 2 3 4 5 6 7 8 9 10 11 12 | 12.3
Shields        | 1 2 3 4 5 6 7 8 10 11 12 14 | 14.6
Axes           | 1 2 3 5 6 8 9 11 12 13 14 15 16 | 16.9
Fighting       | 4 5 6 7 8 9 10 11 12 13 | 13.8
Polearms       | |  1.7
Stealth        | |  4.5

Action                   |  1- 3 |  4- 6 |  7- 9 | 10-12 | 13-15 | 16-18 | 19-21 || total
-------------------------+-------+-------+-------+-------+-------+-------+-------++-------
Melee: War axe           |    84 |   112 |    59 |       |       |       |       ||   255
       Broad axe         |       |       |   158 |   628 |  1262 |  1603 |   427 ||  4078
       Scimitar          |       |       |       |     5 |    21 |       |       ||    26
Throw: Javelin           |       |     7 |    13 |    19 |    18 |       |     7 ||    64
       Boomerang         |       |     6 |       |       |       |       |       ||     6
       Dart              |       |       |     1 |    10 |       |     6 |       ||    17
Invok: Call Merchant     |       |       |       |       |     4 |       |       ||     4
Evoke: Wand              |       |       |     5 |     6 |    10 |    11 |       ||    32
       Tin of tremorston |       |       |       |       |       |     2 |       ||     2
  Use: Potion            |     5 |     2 |       |     4 |       |     7 |     1 ||    19
       Scroll            |     5 |       |    13 |    14 |     8 |    19 |     4 ||    63
 Stab: Sleeping          |    10 |     9 |     4 |    10 |    25 |    14 |       ||    72
       Distracted        |       |     1 |       |     3 |    11 |    10 |     1 ||    26
Armor: Leather armour    |    20 |       |       |       |       |       |       ||    20
       Ring mail         |     7 |    40 |    95 |   374 |   581 |     8 |       ||  1105
       Quicksilver drago |       |       |       |       |       |   137 |       ||   137
       Plate armour      |       |       |       |       |       |   419 |   149 ||   568
Dodge: Dodged            |    68 |    27 |    88 |   346 |   556 |   566 |    90 ||  1741
       Repelled          |       |       |       |       |       |    43 |    10 ||    53
Block: Tower shield      |    14 |    68 |   229 |   695 |  1163 |  1774 |   360 ||  4303

Table legend: (Time is in decaauts)
 A = Elapsed time spent in this place.
 B = Non-inter-level travel time spent in this place.
 C = Inter-level travel time spent in this place.
 D = Time resting spent in this place.
 E = Time spent auto-exploring this place.
 F = Levels seen in this place.
 G = Mean time per level.
                   A        B        C        D        E       F      G
               +--------+--------+--------+--------+--------+-----+--------+
         Total |  58147 |  55018 |   3129 |   5003 |  38201 |  42 | 1384.5 |
       Dungeon |  21200 |  19623 |   1577 |   1593 |  13713 |  15 | 1413.3 |
        Temple |     80 |     61 |     19 |      0 |     55 |   1 |   80.0 |
          Lair |   9144 |   8538 |    606 |    788 |   5998 |   5 | 1828.8 |
        Shoals |   9246 |   8922 |    324 |   1365 |   5865 |   4 | 2311.5 |
     Snake Pit |   7022 |   6776 |    246 |    284 |   5201 |   4 | 1755.5 |
  Orcish Mines |   3283 |   3050 |    233 |    378 |   1943 |   2 | 1641.5 |
   Elven Halls |   4566 |   4445 |    121 |    308 |   3376 |   3 | 1522.0 |
         Abyss |    983 |    983 |      0 |     39 |    311 |   5 |  196.6 |
         Sewer |    205 |    205 |      0 |      0 |     99 |   1 |  205.0 |
        Bailey |   1063 |   1063 |      0 |     16 |    768 |   1 | 1063.0 |
      Ice Cave |   1350 |   1350 |      0 |    232 |    871 |   1 | 1350.0 |
               +--------+--------+--------+--------+--------+-----+--------+

Top non-repeatable levels by time:
  Lair:4: 2834 daAuts
   Elf:2: 2704 daAuts
Shoals:3: 2652 daAuts
    D:10: 2546 daAuts
Shoals:2: 2539 daAuts
   Orc:2: 2290 daAuts
Shoals:4: 2071 daAuts
 Snake:4: 2050 daAuts
Shoals:1: 1983 daAuts
 Snake:2: 1916 daAuts
 Snake:1: 1899 daAuts
     D:8: 1889 daAuts
    D:14: 1875 daAuts
  Lair:3: 1855 daAuts
     D:9: 1775 daAuts
